 Dungeon Crawl Stone Soup version 0.30-a0-738-g116ff8c4af (webtiles) character file.

Game seed: 2529620316719688640

51844 mistaj the Fencer (level 14, -4/123 HPs)
             Began as a Demonspawn Fighter on Feb 3, 2023.
             Was an Initiate of Gozag.
             Killed by vampiric draining
             ... invoked by a vampire
              (17 damage)
             ... on level 10 of the Dungeon.
             The game lasted 00:36:08 (19481 turns).

mistaj the Fencer (Demonspawn Fighter)             Turns: 19481, Time: 00:36:09

Health: -4/123     AC: 28    Str: 20    XL:     14   Next: 24%
Magic:  0/14       EV:  5    Int: 16    God:    Gozag
Gold:   4529       SH: 13    Dex: 14    Spells: 13/13 levels left

rFire   + . .      SeeInvis .    w - +10 falchion of Spite {flame, Will+}
rCold   + + .      Faith    .    T - +2 kite shield
rNeg    . . .      Spirit   +    v - +2 plate armour {rF+}
rPois   +          Reflect  .    X - +2 hood of the Assassin {Detect Stab+ Stlth++}
rElec   .          Harm     .    x - +1 cloak {Will+}
rCorr   .          Rampage  .    h - +0 pair of gloves
Will    +++..                    c - +3 pair of mountain boots {steadfast, rC+} Stlth
                                 y - amulet of the acrobat
HPRegen 0.40/turn                R - ring of the Lily {+Blink rPois Int+6}
MPRegen 0.28/turn                k - ring of protection from cold

@: about to teleport, gold aura
A: claws 2, rugged brown scales 2, spiny 3, magic shield, magic regeneration
a: Renounce Religion, Evoke Blink, Potion Petition, Call Merchant, Bribe Branch


You were on level 10 of the Dungeon.
You worshipped Gozag.
Gozag was most pleased with you.
You visited 2 branches of the dungeon, and saw 16 of its levels.
You also visited: Ice Cave.

You collected 4605 gold pieces.
You paid 76 gold pieces to Gozag.

Inventory:

Hand Weapons
 w - the +10 falchion of Spite (weapon) {flame, Will+}
   (You found it on level 4 of the Dungeon)

   Will:      It increases your willpower.
 M - a +0 demon whip of flaming
Missiles
 B - 2 throwing nets (quivered)
Armour
 c - the +3 pair of mountain boots (worn) {steadfast, rC+}
   (You acquired it on level 5 of the Lair of Beasts)

   Steadfast: It prevents involuntary movement, except for blinking,
   teleportation, or banishment.
   rC:        It protects you from cold.
 h - a +0 pair of gloves (worn)
 v - a +2 plate armour of fire resistance (worn)
 x - a +1 cloak of willpower (worn)
 z - the +2 pair of boots of Vehumet's Reproof {rF+++ rC- Will+++ Int-4}
   (You found it in an ice cave)

   Int:       It affects your intelligence (-4).
   rF:        It renders you almost immune to fire.
   rC:        It makes you vulnerable to cold.
   Will:      It greatly increases your willpower.
 G - a +1 scale mail of cold resistance
 K - the +1 fire dragon scales of Raluuj {rF++ rC- SInv}
   (You found it in an ice cave)

   rF:        It greatly protects you from fire.
   rC:        It makes you vulnerable to cold.
   SInv:      It lets you see invisible.
 T - a +2 kite shield (worn)
 X - the +2 hood of the Assassin (worn) {Detect Stab+ Stlth++}
   (You found it on level 5 of the Lair of Beasts)

   Detect:    It allows the wearer to sense nearby creatures.
   Stab+:     It allows the wearer to make particularly effective stabbing
   attacks against helpless or unaware enemies with any weapon.
   Stlth:     It makes you much more stealthy.
Jewellery
 e - a ring of protection from fire
 k - a ring of protection from cold (right hand)
 y - an amulet of the acrobat (around neck)
 O - a ring of positive energy
 R - the ring of the Lily (left hand) {+Blink rPois Int+6}
   (You found it on level 3 of the Lair of Beasts)

   [ring of intelligence]

   Int:       It affects your intelligence (+6).
   rPois:     It protects you from poison.
   +Blink:    It lets you blink.
Wands
 o - a wand of charming (21)
 u - a wand of mindburst (21)
 H - a wand of polymorph (9)
 S - a wand of iceblast (4)
 U - a wand of quicksilver (5)
 W - a wand of flame (10)
Scrolls
 f - 6 scrolls of poison
 g - 4 scrolls of enchant armour
 l - a scroll of fog {unknown}
 A - a scroll of silence
 C - 2 scrolls of fear
 F - 4 scrolls of teleportation
 I - a scroll of blinking
 J - a scroll of amnesia
 L - 3 scrolls of vulnerability
 P - a scroll of acquirement
Potions
 a - 3 potions of lignification
 b - a potion of magic
 d - 6 potions of might
 i - 4 potions of brilliance
 j - 8 potions of mutation
 m - a potion of invisibility
 n - 4 potions of flight
 p - 2 potions of heal wounds
 q - 2 potions of cancellation
 r - 3 potions of resistance
 s - 4 potions of degeneration
 t - 3 potions of curing
 D - 2 potions of attraction
 E - 2 potions of haste
 N - 3 potions of ambrosia
 V - a potion of berserk rage


   Skills:
 + Level 13.2 Fighting
 - Level 1.1(10.2) Short Blades
 + Level 15.6(15.7) Long Blades
 - Level 2.8(3.1) Axes
 - Level 1.7(2.5) Maces & Flails
 + Level 9.0 Armour
 + Level 9.1 Shields


You had 13 spell levels left.
You didn't know any spells.
Your spell library contained the following spells:

 Spells                   Type           Power      Damage    Failure   Level
 Shock                    Conj/Air       0%         1d3       100%        1
 Sting                    Tmut/Pois      0%         1d3       100%        1
 Poisonous Vapours        Pois/Air       0%         N/A       100%        2
 Sublimation of Blood     Necr           0%         N/A       100%        2
 Wereblood                Tmut           0%         N/A       100%        2
 Inner Flame              Hex/Fire       0%         N/A       100%        3
 Swiftness                Air            0%         N/A       100%        3
 Airstrike                Air            0%         2d(0-16)  100%        4
 Cause Fear               Hex            0%         N/A       100%        4
 Manifold Assault         Tloc           0%         N/A       100%        4
 Olgreb's Toxic Radiance  Pois           0%         N/A       100%        4
 Summon Mana Viper        Hex/Summ       0%         N/A       100%        5
 Dispersal                Tloc           0%         N/A       100%        6
 Dragon Form              Tmut           0%         N/A       100%        7
 Summon Hydra             Summ           0%         N/A       100%        7
 Discord                  Hex            0%         N/A       100%        8
 Disjunction              Tloc           0%         N/A       100%        8
 Dragon's Call            Summ           0%         N/A       100%        9


Dungeon Overview and Level Annotations

Branches:
Dungeon (11/15)            Temple (0/1) D:7            Lair (5/5) D:8
 Shoals (0/4) Lair:2        Snake (0/4) Lair:2        Slime (0/5) Lair:4
  IceCv (visited)
    Orc: D:9-12

Altars:
Ashenzari
Cheibriados
Fedhas
Gozag
Hepliaklqana
Kikubaaqudgha
Makhleb
Nemelex Xobeh
Qazlal
Ru
Trog
Uskayaw
Wu Jian
Xom
Jiyva

Portals:
Trove: D:10 (give +4 ice dragon scales)

Annotations:
Lair:1 2 runed translucent doors, Coekuehi's ghost, journeyman MiBe


Innate Abilities, Weirdness & Mutations

You have very sharp fingernails.
You are mostly covered in rugged brown scales. (AC +2, +5% HP)
You are completely covered in sharp spines.
When hurt, damage is shared between your health and your magic reserves.
You regenerate magic rapidly.


Message History

You slash the two-headed ogre! You burn the two-headed ogre.
The two-headed ogre is severely wounded.
The two-headed ogre hits you with a +0 giant club!
* * * LOW HITPOINT WARNING * * *
You block the two-headed ogre's attack.
You slice the two-headed ogre!! You burn the two-headed ogre.
You kill the two-headed ogre!
Something hits you but does no damage. Something bites you but does no damage.
Something barely misses you. x2
Items here: $ ( ))) [.
You closely miss something. You block something's attack.
Something bites you but does no damage.
You hit something. You burn something. You hit something. You burn something.
Something hits you.
* * * LOW HITPOINT WARNING * * *
Something bites you!
* * * LOW HITPOINT WARNING * * *
Something draws strength from your injuries!
You hit something. You burn something. Something hits you but does no damage.
Something bites you but does no damage.
You hit something. You burn something. Something draws life force from you!!
* * * LOW HITPOINT WARNING * * *
You hit something but do no damage. You block something's attack.
Something bites you but does no damage.
You slash something! You burn something.
You hear some strange, mumbled words.
Something tries to affect you, but you resist.
You see here a +0 eveningstar.
You block something's attack. Something bites you but does no damage.
There is an escape hatch in the ceiling here.
Something hits you but does no damage. Something bites you.
Something draws strength from your injuries!
A mysterious force pulls you upwards. The hatch slams shut behind you.
Reactivating autopickup.
As you read the scroll of teleportation, it crumbles to dust.
You feel strangely unstable.
Deactivating autopickup; reactivate with Ctrl-A.
Something draws life force from you!!
You die...
Your body crumbles into a pile of gold.

#..........# #..# #....
#..........#########..# #....
#.....................#####...)
###.............................)
.............#########.........##
....>........# #..#####).#.
.............# #..# #....
.............#########..# #..#.
...............{@.......# #..##
........................# #....
.....######.............# #..##
.....# #.............# #..#
###..# #.............# #.)#
#..######.............#####..##
#..............................
#..............................
#..#####..#######..####..####..


There were no monsters in sight!

Vanquished Creatures
  3 hydras
  A merfolk avatar (Lair:5)
  A boulder beetle (Lair:3)
  7 two-headed ogres
  A centaur warrior (D:9)
  7 death yaks
  Urug (D:11)
  The ghost of lotum the Cleaver, a novice FoFi of Xom (D:9)
  Amaemon (Lair:2)
  A lindwurm (Lair:3)
  2 harpies (Lair:5)
  Pikel (D:8)
  3 ugly things
  18 elephants (Lair:5)
  A slime creature (D:9)
  3 ice statues (IceCv)
  3 black mambas
  An orange demon (Lair:2)
  9 cane toads
  6 komodo dragons
  An anaconda simulacrum (IceCv)
  A freezing wraith (IceCv)
  2 ice devils (Lair:2)
  4 rime drakes
  3 trolls
  6 polar bears
  Grinder (D:5)
  2 hornets (Lair:5)
  A wind drake (Lair:5)
  8 blink frogs
  6 dream sheep (Lair:5)
  2 snapping turtles (Lair:5)
  5 wyverns
  A dire elephant simulacrum (IceCv)
  34 yaks
  5 basilisks
  4 steam dragons
  Edmund (D:5)
  3 death yak simulacra (IceCv)
  A harpy simulacrum (IceCv)
  2 vampire mosquitoes (D:11)
  2 acid dragons
  5 water moccasins
  6 orc warriors
  A sky beast (D:7)
  2 black bears
  2 ice beasts
  2 ogres
  11 wolves
  A boggart (D:9)
  2 lemures (D:8)
  11 centaurs
  4 phantoms
  4 kobold brigands
  13 bullfrogs
  2 gnoll sergeants (D:9)
  19 wights
  A killer bee (D:9)
  2 elephant simulacra (IceCv)
  2 howler monkeys
  11 orc priests
  3 jellies
  2 gnoll boudas
  5 hounds
  Jessica (D:2)
  5 iguanas
  11 orc wizards
  A hell rat (D:8)
  A polar bear simulacrum (IceCv)
  18 gnolls
  5 adders
  3 river rats
  2 worms
  2 dart slugs
  30 orcs
  4 endoplasms (D:4)
  4 giant cockroaches
  4 goblins
  7 hobgoblins
  3 jackals (D:4)
  8 quokkas
  8 ball pythons
  4 bats
  2 frilled lizards
  17 kobolds
  6 rats
423 creatures vanquished.

Vanquished Creatures (others)
  A kobold (D:8)
  A bush (Lair:5)
  57 fungi
  113 plants
172 creatures vanquished.

Grand Total: 595 creatures vanquished

Notes
Turn   | Place    | Note
-------+----------+-------------------------------------------
     0 | D:1      | mistaj the Demonspawn Fighter began the quest for the Orb.
     0 | D:1      | Reached XP level 1. HP: 18/18 MP: 1/1
   171 | D:1      | Gained mutation: You are partially covered in rugged brown
                  | scales. (AC +1, +3% HP) [demonic ancestry]
   171 | D:1      | Reached XP level 2. HP: 15/24 MP: 2/2
   792 | D:2      | Reached XP level 3. HP: 29/29 MP: 3/3
   891 | D:2      | Found a faded altar of an unknown god.
   988 | D:2      | Noticed Jessica
   989 | D:2      | Killed Jessica
  1419 | D:3      | Gained mutation: You are partially covered in sharp spines.
                  | [demonic ancestry]
  1419 | D:3      | Reached XP level 4. HP: 38/38 MP: 4/4
  1514 | D:3      | Found an ancient bone altar of Kikubaaqudgha.
  1897 | D:3      | Reached skill level 1 in Short Blades
  1897 | D:3      | Reached XP level 5. HP: 36/43 MP: 5/5
  2156 | D:4      | Reached skill level 1 in Maces & Flails
  2199 | D:4      | Gained mutation: You regenerate magic rapidly. [demonic
                  | ancestry]
  2199 | D:4      | Reached XP level 6. HP: 42/50 MP: 6/6
  2244 | D:4      | Identified the +10 falchion of Spite {flame, Will+}
  2259 | D:4      | Reached skill level 1 in Long Blades
  2467 | D:4      | Reached skill level 2 in Long Blades
  2575 | D:4      | Found an opulent altar of Gozag.
  2596 | D:4      | Became a worshipper of Gozag Ym Sagoz the Greedy
  2736 | D:4      | Found a burning altar of Makhleb.
  2924 | D:5      | Entered Level 5 of the Dungeon
  2942 | D:5      | Reached skill level 5 in Fighting
  2942 | D:5      | Reached XP level 7. HP: 57/57 MP: 7/7
  3231 | D:5      | Reached skill level 3 in Long Blades
  3244 | D:5      | Reached skill level 5 in Shields
  3461 | D:4      | Reached skill level 4 in Long Blades
  3507 | D:5      | Gained mutation: You have sharp fingernails. [demonic
                  | ancestry]
  3507 | D:5      | Reached XP level 8. HP: 51/65 MP: 8/8
  3598 | D:5      | Found a hide-covered altar of Uskayaw.
  3994 | D:5      | Noticed Edmund
  3995 | D:5      | Found a sacrificial altar of Ru.
  4010 | D:5      | Killed Edmund
  4011 | D:5      | Reached skill level 5 in Long Blades
  4053 | D:5      | Found a stormy altar of Qazlal.
  4118 | D:5      | Noticed Grinder
  4127 | D:5      | Killed Grinder
  4416 | D:6      | Reached skill level 6 in Long Blades
  4541 | D:6      | Gained mutation: You are mostly covered in sharp spines.
                  | [demonic ancestry]
  4541 | D:6      | Reached XP level 9. HP: 73/73 MP: 9/9
  4819 | D:6      | Found a broken altar of Ashenzari.
  4836 | D:6      | Found an ornate altar of the Wu Jian Council.
  5070 | D:7      | Reached skill level 7 in Long Blades
  5600 | D:7      | Reached skill level 8 in Long Blades
  5791 | D:7      | Found a staircase to the Ecumenical Temple.
  6173 | D:8      | Noticed a death yak
  6174 | D:8      | Found a staircase to the Lair.
  6175 | D:8      | Noticed a death yak
  6175 | D:8      | Noticed a death yak
  6192 | D:7      | Killed a death yak
  6193 | D:7      | Gained mutation: You are completely covered in sharp
                  | spines. [demonic ancestry]
  6193 | D:7      | Reached XP level 10. HP: 17/82 MP: 4/10
  6454 | D:7      | Killed a death yak
  6455 | D:7      | Reached skill level 9 in Long Blades
  6627 | D:8      | Killed a death yak
  6785 | D:8      | Found a sparkling altar of Nemelex Xobeh.
  6808 | D:8      | Found a snail-covered altar of Cheibriados.
  6947 | D:8      | Noticed Pikel
  6952 | D:8      | Killed Pikel
  7664 | D:8      | Reached skill level 10 in Long Blades
  7793 | D:9      | Noticed a two-headed ogre
  7796 | D:9      | Noticed a centaur warrior
  7805 | D:9      | Killed a two-headed ogre
  7806 | D:9      | Gained mutation: When hurt, damage is shared between your
                  | health and your magic reserves. [demonic ancestry]
  7806 | D:9      | Reached XP level 11. HP: 40/91 MP: 5/11
  7816 | D:9      | Killed a centaur warrior
  7998 | D:9      | Noticed a two-headed ogre
  8007 | D:9      | Killed a two-headed ogre
  8195 | D:9      | Noticed a cyan ugly thing
  8207 | D:9      | Killed a cyan ugly thing
  8208 | D:9      | Reached skill level 11 in Long Blades
  8531 | D:9      | Found a shimmering altar of Xom.
  8605 | D:9      | Found a bloodstained altar of Trog.
  8686 | D:9      | Noticed a two-headed ogre
  8696 | D:9      | Killed a two-headed ogre
  8783 | D:9      | Found a hazy altar of Hepliaklqana.
  8950 | D:9      | Found a runed translucent gate.
  8951 | D:9      | Found a runed translucent gate.
  8952 | D:9      | Found a runed translucent gate.
  8955 | D:9      | Found a viscous altar of Jiyva.
  8955 | D:9      | Noticed lotum's ghost (novice FoFi)
  9181 | Lair:1   | Entered Level 1 of the Lair of Beasts
  9275 | Lair:1   | Reached skill level 10 in Fighting
  9962 | Lair:1   | Got Utoff's Secrets of Fetid Calling
 10033 | Lair:1   | Reached skill level 12 in Long Blades
 10139 | Lair:1   | Gained mutation: You have very sharp fingernails. [demonic
                  | ancestry]
 10139 | Lair:1   | Reached XP level 12. HP: 95/100 MP: 12/12
 10193 | Lair:1   | Found a large runed translucent door.
 10193 | Lair:1   | Found a large runed translucent door.
 10330 | Lair:1   | Noticed Coekuehi's ghost (journeyman MiBe)
 10570 | Lair:2   | Found a frozen archway.
 10578 | Lair:2   | Reached skill level 5 in Armour
 10606 | IceCv    | Entered an ice cave
 10694 | IceCv    | Identified the +2 pair of boots of Vehumet's Reproof {rF+++
                  | rC- Will+++ Int-4}
 12306 | IceCv    | Identified the +1 fire dragon scales of Raluuj {rF++ rC-
                  | SInv}
 12563 | Lair:2   | Noticed Amaemon
 12582 | Lair:2   | Killed Amaemon
 12961 | Lair:2   | Noticed a six-headed hydra
 12979 | Lair:2   | Killed a one-headed hydra
 12980 | Lair:2   | Reached skill level 13 in Long Blades
 13153 | Lair:2   | Found a staircase to the Snake Pit.
 13271 | Lair:2   | Found a staircase to the Shoals.
 13652 | Lair:3   | Noticed a death yak
 13653 | Lair:3   | Noticed a death yak
 13678 | Lair:3   | Killed a death yak
 13679 | Lair:3   | Noticed a death yak
 13680 | Lair:3   | Noticed a death yak
 13699 | Lair:2   | Killed a death yak
 13951 | Lair:3   | Noticed a boulder beetle
 13971 | Lair:3   | Killed a boulder beetle
 14471 | Lair:3   | Identified the ring of the Lily {+Blink rPois Int+6}
 14524 | Lair:3   | Killed a death yak
 14536 | Lair:3   | Killed a death yak
 15147 | Lair:4   | Gained mutation: You are mostly covered in rugged brown
                  | scales. (AC +2, +5% HP) [demonic ancestry]
 15147 | Lair:4   | Reached XP level 13. HP: 90/112 MP: 11/13
 15434 | Lair:4   | Reached skill level 14 in Long Blades
 16095 | Lair:4   | Found a staircase to the Slime Pits.
 16218 | Lair:5   | Entered Level 5 of the Lair of Beasts
 17413 | Lair:5   | Found the +8 trident of the Octopus King {venom, rElec
                  | rPois}
 17415 | Lair:5   | Found the +2 hood of the Assassin {Detect Stab+ Stlth++}
 17560 | Lair:5   | Reached skill level 15 in Long Blades
 18286 | Lair:5   | Reached XP level 14. HP: 121/121 MP: 14/14
 18303 | Lair:5   | Identified 2 scrolls of acquirement
 18303 | Lair:5   | Acquired the +3 pair of mountain boots {steadfast, rC+}
 18303 | Lair:5   | Found the +3 pair of mountain boots {steadfast, rC+}
 18592 | D:9      | Killed lotum's ghost
 18652 | D:10     | Entered Level 10 of the Dungeon
 18654 | D:10     | Found a portal to a secret trove of treasure.
 18847 | D:10     | Found a blossoming altar of Fedhas.
 19436 | D:11     | Noticed Urug
 19463 | D:11     | Killed Urug
 19481 | D:10     | Killed from afar by a vampire

Illustrated notes

Levels and vault maps discovered:
D:1:      saegor_arrival_simple_a, layout_loops_ring
D:2:      layout_loops_cross, shapermc_ecumenical_altar_pompeii, uniq_jessica
D:3:      layout_basic, nicolae_kikubaaqudgha_miasma_corner,
          cheibrodos_gnoll_hut
D:4:      layout_loops_ring, nicolae_gozag_seed_capital,
          mainiacjoe_overflow_brackets
D:5:      layout_basic, amcnicky_altar_gilded, lemuel_tele_altar,
          mainiacjoe_overflow_small_starburst, uniq_edmund, uniq_grinder
D:6:      layout_rooms, nzn_wu_jian_council_hall,
          mainiacjoe_overflow_six_doors_small, hangedman_decor_clover_reticule
D:7:      minmay_recursive_quarters, layout_basic, old_standard_altar,
          minmay_temple_entry_large_hall
D:8:      layout_loops_ring, nicolae_tso_swordbearing_angel,
          mainiacjoe_overflow_large_starburst, dpeg_lair_monsters,
          hangedman_abyss_or_decor_stabs, uniq_pikel
D:9:      minmay_ornate_pinched, layout_basic, nicolae_hepliaklqana_hazy_memory,
          lemuel_crystal_altar, mainiacjoe_overflow_cross_hatched,
          gammafunk_ghost_ooze
D:10:     layout_small_grid, fedhas_altar_1, nicolae_trove_entry_crossroad
D:11:     layout_loops_ring, uniq_urug
Lair:1:   layout_cave_pods, ebering_ghost_disaster_area, serial_bayou_shore_a
Lair:2:   layout_long_grid, minmay_shoals_entry_centaurs, dummy_snake_entry,
          portal_ice_cave_demonic_guard, serial_rivers,
          chequers_serial_rivers_small_3, chequers_serial_rivers_micro_a,
          chequers_serial_rivers_micro_e, chequers_serial_rivers_room_b,
          chequers_serial_rivers_room_a, fungi_pond_lemuel, uniq_amaemon
Lair:3:   wad_woods_pond, layout_regular_city
Lair:4:   layout_misc_corridors, dpeg_slime_entry_enclosed, grunt_megastairs_1
Lair:5:   gammafunk_lair_ancient_temple, layout_long_grid,
          chequers_serial_rivers_micro_e

Skill      XL: |  1  2  3  4  5  6  7  8  9 10 11 12 13 14 |
---------------+-------------------------------------------+-----
Axes           | 2 |  2.8
Shields        | 3 4 5 6 7 8 9 |  9.1
Fighting       | 4 5 6 8 9 10 11 12 13 | 13.2
Short Blades   | 1 |  1.1
Maces & Flails | 1 |  1.7
Long Blades    | 2 4 6 8 10 12 13 15 | 15.6
Armour         | 4 6 8 9 |  9.0

Action                     |  1- 3 |  4- 6 |  7- 9 | 10-12 | 13-15 || total
---------------------------+-------+-------+-------+-------+-------++-------
  Melee: War axe           |    85 |    19 |       |       |       ||   104
         Short sword       |       |    29 |       |       |       ||    29
         Flail             |       |    31 |       |       |       ||    31
         Falchion          |       |    32 |   236 |   588 |   522 ||  1378
    Use: Scroll            |     6 |     6 |     2 |     9 |     9 ||    32
         Potion            |       |       |       |     1 |     2 ||     3
   Stab: Distracted        |       |       |     3 |     1 |     2 ||     6
 Armour: Scale mail        |    53 |       |       |    14 |       ||    67
         Leather armour    |     4 |    32 |    76 |       |       ||   112
         Plate armour      |       |       |    37 |   241 |   269 ||   547
         Skin              |       |       |     1 |       |       ||     1
  Dodge: Dodged            |    43 |    51 |    70 |   135 |   105 ||   404
  Block: Buckler           |    21 |    26 |    50 |   140 |       ||   237
         Kite shield       |       |       |       |     1 |   301 ||   302

Table legend: (Time is in decaauts)
 A = Elapsed time spent in this place.
 B = Non-inter-level travel time spent in this place.
 C = Inter-level travel time spent in this place.
 D = Time resting spent in this place.
 E = Time spent auto-exploring this place.
 F = Levels seen in this place.
 G = Mean time per level.
                   A        B        C        D        E       F      G
               +--------+--------+--------+--------+--------+-----+--------+
         Total |  19339 |  18767 |    572 |   6078 |   8030 |  17 | 1137.6 |
       Dungeon |  10145 |   9860 |    285 |   2312 |   5036 |  11 |  922.3 |
          Lair |   7458 |   7171 |    287 |   2362 |   2994 |   5 | 1491.6 |
      Ice Cave |   1736 |   1736 |      0 |   1404 |      0 |   1 | 1736.0 |
               +--------+--------+--------+--------+--------+-----+--------+

Top non-repeatable levels by time:
  Lair:5: 2086 daAuts
   IceCv: 1736 daAuts
  Lair:2: 1578 daAuts
     D:7: 1523 daAuts
  Lair:1: 1397 daAuts
     D:8: 1380 daAuts
     D:9: 1311 daAuts
  Lair:3: 1288 daAuts
     D:4: 1253 daAuts
  Lair:4: 1107 daAuts
     D:5: 964 daAuts
     D:1: 790 daAuts
     D:3: 752 daAuts
     D:6: 729 daAuts
     D:2: 637 daAuts
